 Dungeon Crawl Stone Soup version 0.28.0 (webtiles) character file.

Game seed: 14645695432211808679

42030 HallandMoats the Basher (level 13, -2/144 (148) HPs)
             Began as a Troll Monk on Feb 6, 2022.
             Was a Plaything of Xom.
             Slain by a water moccasin (3 damage)
             ... on level 6 of the Lair of Beasts.
             The game lasted 00:25:14 (14258 turns).

HallandMoats the Basher (Troll Monk)               Turns: 14258, Time: 00:25:14

HP:   -2/144 (148)  AC: 18    Str: 20    XL:     13   Next: 83%
MP:   12/12         EV: 13    Int:  6    God:    Xom [.....*]
Gold: 1548          SH:  0    Dex: 14    Spells: 12/12 levels left

rFire   . . .      SeeInvis .   a - +8 giant spiked club (spect)
rCold   + . .      Faith    .   (shield currently unavailable)
rNeg    . . .      Spirit   .   l - +4 troll leather armour
rPois   .          Reflect  .   (helmet restricted)
rElec   .          Harm     .   r - +2 cloak
rCorr   .          Rampage  .   (gloves unavailable)
Will    +....                   (boots unavailable)
Stlth   ++........              (no amulet)
HPRegen 1.94/turn               i - +4 ring of slaying
MPRegen 0.13/turn               C - +4 ring of protection

@: confused, lethally poisoned (-2 -> -10), ambrosia-drunk, hasted, lightly
drained, invisible, unable to read, very quick
A: large, unfitting armour, claws 3, regeneration 1, shaggy fur 1, tough skin 1,
hooves 1, large bone plates 1, camouflage 1, clumsy 1, cold resistance 1,
strong-willed 1, robust 1, weak 1, inability to read while threatened
a: Renounce Religion


You were on level 6 of the Lair of Beasts.
You worshipped Xom.
You were Xom's teddy bear.
You visited 2 branches of the dungeon, and saw 18 of its levels.
You also visited: Sewer.

You collected 1758 gold pieces.
You spent 210 gold pieces at shops.

Inventory:

Hand Weapons
 a - a +8 spectral giant spiked club (weapon)
 o - the +5 dagger of Truncation {freeze, Will+ Stlth+}
   (You found it on level 5 of the Dungeon)

   It freezes those it strikes, dealing additional cold damage.
   It can also slow down cold-blooded creatures.
   Will:      It increases your willpower.
   Stlth:     It makes you more stealthy.
 u - a +3 double sword of chaos
Missiles
 w - 3 throwing nets (quivered)
Armour
 g - a +2 robe of willpower
 l - a +4 troll leather armour (worn)
 r - a +2 cloak (worn)
 z - +0 acid dragon scales
 U - a +0 kite shield
Jewellery
 i - a +4 ring of slaying (left claw)
 j - a ring of protection from fire
 C - a +4 ring of protection (right claw)
 K - the ring "Aroat" {Drain rN+++ EV+4 Str-3 Int+4}
   (Xom gifted it to you on level 10 of the Dungeon)

   [ring of evasion]

   EV:        It affects your evasion (+4).
   Str:       It affects your strength (-3).
   Int:       It affects your intelligence (+4).
   rN:        It renders you almost immune to negative energy.
   Drain:     It drains your maximum health when unequipped.
Wands
 d - a wand of digging (11)
 h - a wand of iceblast (19)
 s - a wand of mindburst (10)
 t - a wand of polymorph (18)
 B - a wand of paralysis (18)
 D - a wand of flame (29)
 S - a wand of charming (1)
Scrolls
 b - 12 scrolls of teleportation
 k - 3 scrolls of fog
 m - 5 scrolls of enchant weapon
 y - a scroll of brand weapon {unknown}
 A - 5 scrolls of immolation
 I - a scroll of magic mapping
 L - 3 scrolls of amnesia
 P - 3 scrolls of silence
Potions
 c - 2 potions of lignification
 e - 3 potions of ambrosia
 f - 2 potions of cancellation
 n - 7 potions of flight
 p - a potion of magic {unknown}
 q - 5 potions of mutation
 v - a potion of resistance {unknown}
 x - 3 potions of might
 G - 2 potions of berserk rage {unknown}
 O - a potion of invisibility
Miscellaneous
 J - a phial of floods


   Skills:
 + Level 10.6 Fighting
 * Level 10.9 Maces & Flails
 + Level 8.7 Armour
 + Level 9.2 Dodging
 - Level 1.0 Stealth
 * Level 3.8 Shields
 - Level 9.4 Unarmed Combat


You had 12 spell levels left.
You didn't know any spells.
Your spell library contained the following spells:

 Spells                   Type           Power      Damage    Failure   Level
 Animate Skeleton         Necr           0%         N/A       50%         1
 Pain                     Necr           0%         1d4       50%         1
 Slow                     Hex            0%         N/A       50%         1
 Ensorcelled Hibernation  Hex/Ice        0%         N/A       65%         2
 Passwall                 Tmut/Erth      0%         N/A       65%         2
 Sublimation of Blood     Necr           0%         N/A       65%         2
 Wereblood                Tmut           0%         N/A       65%         2
 Confusing Touch          Hex            0%         N/A       86%         3
 Frozen Ramparts          Ice            0%         1d2       86%         3
 Spider Form              Tmut/Pois      0%         N/A       86%         3
 Swiftness                Air            0%         N/A       86%         3
 Tukima's Dance           Hex            0%         N/A       86%         3
 Vampiric Draining        Necr           0%         2d6       86%         3
 Anguish                  Hex/Necr       0%         N/A       99%         4
 Animate Dead             Necr           0%         N/A       99%         4
 Ice Form                 Ice/Tmut       0%         N/A       99%         4
 Summon Ice Beast         Ice/Summ       0%         N/A       99%         4
 Alistair's Intoxication  Tmut/Pois      0%         N/A       100%        5
 Blade Hands              Tmut           0%         N/A       100%        5
 Irradiate                Conj/Tmut      0%         3d13      100%        5
 Dragon Form              Tmut           0%         N/A       100%        7
 Enfeeble                 Hex            0%         N/A       100%        7
 Summon Hydra             Summ           0%         N/A       100%        7
 Infestation              Necr           0%         N/A       100%        8
 Chain Lightning          Conj/Air       0%         N/A       100%        9
 Fire Storm               Conj/Fire      0%         5d1       100%        9
 Shatter                  Erth           0%         3d5*      100%        9


Dungeon Overview and Level Annotations

Branches:
Dungeon (12/15)            Temple (0/1) D:5            Lair (6/6) D:11
  Swamp (0/4) Lair:4          Orc (0/2) D:9           Sewer (visited)
  Snake: Lair:2-4    Spider: Lair:2-4     Slime: Lair:5-6

Altars:
Cheibriados
Elyvilon
Fedhas
Hepliaklqana
Nemelex Xobeh
Trog
Xom
Jiyva

Shops:
D:9 !


Innate Abilities, Weirdness & Mutations

You are too large for most types of armour.
You have claws for hands.
Your natural rate of healing is unusually fast.
You are covered in fur. (AC +1)
You have tough skin. (AC +1)
You have large cloven feet.
You are partially covered in large bone plates. (SH +4)
Your skin changes colour to match your surroundings (Stealth+).
You are clumsy. (Dex -2)
Your flesh is cold resistant. (rC+)
You are strong-willed. (Will+)
You are robust. (+10% HP)
You are weak. (Str -2)
You sometimes lose the ability to read scrolls when taking damage.


Message History

The emperor scorpion stings you.
* * * LOW HITPOINT WARNING * * *
You are poisoned.
The emperor scorpion poisons you! The emperor scorpion misses you.
The emperor scorpion claws you but does no damage.
The water moccasin bites you but does no damage.
Unknown command.
You feel yourself speed up.
You feel very sick. The cane toad stings you!!
* * * LOW HITPOINT WARNING * * *
The emperor scorpion barely misses you.
The emperor scorpion closely misses you.
The emperor scorpion claws you but does no damage.
You block the water moccasin's attack. You block the cane toad's attack.
Unknown command.
Unknown command.
Unknown command.
You feel better. The emperor scorpion stings you!
* * * LOW HITPOINT WARNING * * *
The emperor scorpion misses you.
The emperor scorpion claws you but does no damage.
You block the water moccasin's attack.
Unknown command.
Unknown command.
Okay, then.
You are confused.
You feel invigorated. The cane toad stings you!!
* * * LOW HITPOINT WARNING * * *
Xom roars with laughter!
You are lethally poisoned!
The cane toad poisons you!
The manticore flicks its tail.
The volley of spikes hits the cane toad!
The emperor scorpion stings you but does no damage.
The emperor scorpion claws you but does no damage.
The emperor scorpion closely misses you.
The water moccasin bites you.
You die...
Xom bursts into laughter!

.## ##.....##
.P###....P#≈#######
....#....<#≈≈≈≈≈≈≈##
..........≈≈≈≈≈≈≈≈≈#
.........≈≈≈≈...≈≈≈#
.........≈≈≈.....≈≈##
...#...##.....#..≈≈≈#
....P.#.......#..≈≈≈#
.............P##@s≈≈#
......#....#####FSS≈#
..P#....P.## #.H≈≈≈#
..........## #.†≈≈≈#
..)......#.# #..≈≈##
...........# #.≈≈≈#
...[......## ..≈≈≈#
..........# ...≈≈≈≈
..........## ..≈≈≈≈≈≈


You could see an emperor scorpion, a manticore (agile), a cane toad (wandering,
skewered), a water moccasin and an electric eel.

Vanquished Creatures
  Snorg (D:10)
  The ghost of Barbarella the Basher, a journeyman MiBe of Trog (Lair:1)
  A great orb of eyes (Lair:1)
  2 hydras
  2 boulder beetles
  2 two-headed ogres
  6 death yaks
  A wizard (D:12)
  A harpy (Lair:4)
  A deep elf pyromancer (D:11)
  Pikel (D:5)
  2 oklob plants (Lair:3)
  2 cyclopes
  A manticore (D:12)
  2 ugly things (D:12)
  4 elephants (Lair:4)
  Maurice (D:12)
  4 black mambas
  8 cane toads
  A gargoyle (D:12)
  3 unseen horrors
  A torpor snail (Lair:5)
  7 komodo dragons
  A rime drake (Lair:4)
  3 meliai (D:12)
  A merfolk (shapeshifter) (D:9)
  7 trolls
  4 slime creatures (D:12)
  A polar bear (Lair:1)
  A queen bee (D:9)
  2 hornets
  3 blink frogs (Lair:3)
  Sigmund (D:5)
  A vampire (D:10)
  2 wraiths (D:12)
  4 wyverns
  35 yaks
  3 basilisks
  3 steam dragons
  10 vampire mosquitoes (D:12)
  Edmund (D:5)
  Menkaure (D:7)
  2 acid dragons
  5 water moccasins
  An ice beast (D:6)
  7 orc warriors
  A sky beast (D:6)
  A black bear (Lair:3)
  A necrophage (D:5)
  3 ogres (D:9)
  9 centaurs
  A wolf (Lair:6)
  A phantom (D:6)
  5 kobold brigands
  2 gnoll sergeants (D:9)
  5 scorpions
  2 wyvern zombies (D:6)
  9 bullfrogs
  A water moccasin zombie (D:5)
  2 wyvern skeletons
  A water moccasin skeleton (D:5)
  9 killer bees (D:9)
  4 howler monkeys
  3 centaur zombies
  5 jellies
  A centaur skeleton (D:7)
  2 hounds (D:5)
  A gnoll shaman (D:8)
  4 orc priests
  2 iguanas
  3 orc wizards
  6 hell rats (Lair:6)
  11 gnolls
  4 river rats (Sewer)
  9 adders
  A shadow imp (D:7)
  A white imp (D:6)
  An ufetubus (D:5)
  6 worms
  3 dart slugs
  16 orcs
  3 endoplasms
  6 giant cockroaches
  A goblin (D:4)
  6 hobgoblins
  5 jackals
  7 quokkas
  7 ball pythons
  14 bats
  4 frilled lizards
  24 kobolds
  6 rats
373 creatures vanquished.

Vanquished Creatures (collateral kills)
  Maggie (D:10)
  3 slime creatures (Lair:1)
4 creatures vanquished.

Vanquished Creatures (others)
  A water moccasin (Lair:6)
  An orc warrior (D:7)
  14 killer bees (D:9)
  An adder zombie (D:5)
  An orc (D:6)
  A bat (D:6)
  17 fungi
  6 plants
42 creatures vanquished.

Grand Total: 419 creatures vanquished

Notes
Turn   | Place    | Note
-------+----------+-------------------------------------------
     0 | D:1      | HallandMoats the Troll Monk began the quest for the Orb.
     0 | D:1      | Reached XP level 1. HP: 22/22 MP: 0/0
   186 | D:1      | Reached XP level 2. HP: 28/29 MP: 1/1
   233 | D:1      | Found a faded altar of an unknown god.
   242 | D:1      | Prayed at the altar of an unknown god.
   242 | D:1      | Became a worshipper of Xom of Chaos
   498 | D:2      | Reached XP level 3. HP: 36/36 MP: 2/2
   548 | D:2      | Found a bloodstained altar of Trog.
   755 | D:2      | Reached skill level 1 in Armour
   920 | D:2      | XOM: silly message
  1228 | D:3      | Reached XP level 4. HP: 45/45 MP: 3/3
  1534 | D:3      | XOM: silly message
  1824 | D:4      | XOM: divination: detect items
  1859 | D:4      | XOM: potion effect (brilliance)
  2025 | D:4      | Reached XP level 5. HP: 37/53 MP: 4/4
  2120 | D:4      | Noticed a wyvern
  2120 | D:4      | a worm changed into a wyvern
  2120 | D:4      | XOM: polymorph worm -> wyvern
  2126 | D:4      | Killed a wyvern
  2127 | D:4      | Reached XP level 6. HP: 46/62 MP: 5/5
  2150 | D:4      | Found a glowing drain.
  2154 | Sewer    | Entered a sewer
  2428 | Sewer    | XOM: 1-stop teleportation journey
  2467 | Sewer    | XOM: god gift: scroll labelled MEOSEMY BUOTIE {god gift}
  2515 | Sewer    | Reached skill level 5 in Unarmed Combat
  2700 | Sewer    | XOM: silly message
  2849 | D:5      | Entered Level 5 of the Dungeon
  2850 | D:5      | XOM: enchant monster (good)
  2853 | D:5      | XOM: enchant monster (good)
  2865 | D:5      | Reached XP level 7. HP: 69/70 MP: 6/6
  2876 | D:5      | Noticed Sigmund
  2876 | D:5      | XOM: noise
  2878 | D:5      | XOM: smoke on damage
  2883 | D:5      | Noticed Edmund
  2891 | D:5      | Killed Sigmund
  2896 | D:5      | XOM: cast spell 'Leda's Liquefaction'
  2904 | D:5      | Killed Edmund
  2929 | D:5      | Noticed Pikel
  2931 | D:5      | XOM: confuse monster(s)
  2950 | D:5      | Killed Pikel
  2951 | D:5      | Reached skill level 5 in Fighting
  2951 | D:5      | Reached XP level 8. HP: 45/81 MP: 7/7
  3032 | D:5      | Identified the +5 dagger of Truncation {freeze, Will+
                  | Stlth+}
  3152 | D:5      | Found a staircase to the Ecumenical Temple.
  3284 | D:5      | XOM: divination: magic mapping
  3297 | D:5      | XOM: divination: detect creatures
  3501 | D:5      | XOM: cloud trail
  3659 | D:5      | XOM: silly message
  3680 | D:5      | XOM: noise
  3885 | D:6      | Reached XP level 9. HP: 76/89 MP: 8/8
  4060 | D:6      | XOM: noise
  4159 | D:6      | Noticed a two-headed ogre
  4288 | D:6      | XOM: 1-stop teleportation journey
  4788 | D:6      | Killed a two-headed ogre
  4789 | D:6      | Reached skill level 5 in Dodging
  4908 | D:7      | Noticed Menkaure
  4916 | D:7      | XOM: summons 4 hostile shadow creatures
  4917 | D:7      | Killed Menkaure
  5147 | D:7      | XOM: confusion
  5152 | D:7      | XOM: noise
  5157 | D:7      | XOM: divine lightning
  5186 | D:6      | XOM: god gift: +3 double sword of chaos
  5208 | D:7      | XOM: polymorph orc -> bat
  5214 | D:6      | XOM: destruction
  5234 | D:6      | XOM: divination: detect items
  5488 | D:7      | Found a bloodstained altar of Trog.
  5488 | D:7      | Found a sparkling altar of Nemelex Xobeh.
  5489 | D:7      | Found a blossoming altar of Fedhas.
  5632 | D:8      | XOM: noise
  5647 | D:8      | XOM: torment (45/87 hp)
  5672 | D:8      | XOM: give mutations
  5672 | D:8      | Gained mutation: Your spells are a little harder to cast,
                  | but a little more powerful. [Xom's grace]
  5672 | D:8      | Gained mutation: You are robust. (+10% HP) [Xom's grace]
  5672 | D:8      | Gained mutation: You have large cloven feet. [Xom's grace]
  5771 | D:8      | Reached XP level 10. HP: 86/108 MP: 9/9
  5793 | D:8      | XOM: give mutations
  5793 | D:8      | Gained mutation: Your skin changes colour to match your
                  | surroundings (Stealth+). [Xom's grace]
  5793 | D:8      | Gained mutation: You are partially covered in large bone
                  | plates. (SH +4) [Xom's grace]
  5793 | D:8      | Gained mutation: You are very robust. (+20% HP) [Xom's
                  | grace]
  6116 | D:8      | XOM: enchant monster (good)
  6117 | D:8      | XOM: cast spell 'Dispersal'
  6473 | D:8      | Reached skill level 5 in Armour
  6563 | D:9      | Identified a scroll of acquirement
  6564 | D:9      | Acquired a +8 spectral giant spiked club
  6656 | D:9      | XOM: confuse monster(s)
  6659 | D:9      | XOM: confuse monster(s)
  6665 | D:9      | Reached skill level 1 in Maces & Flails
  6727 | D:9      | XOM is BORED!
  6727 | D:9      | XOM: summons 6 hostile demons
  6759 | D:9      | XOM: enchant monster (good)
  6763 | D:9      | XOM: divination: detect items
  6770 | D:9      | XOM: destruction
  6784 | D:9      | Noticed a glowing shapeshifter
  6784 | D:9      | a killer bee changed into a glowing shapeshifter
  6784 | D:9      | XOM: polymorph killer bee -> glowing shapeshifter
  6784 | D:9      | Noticed a glowing orange brain
  6784 | D:9      | a glowing shapeshifter changed into a glowing orange brain
  6785 | D:9      | Noticed a swamp dragon
  6785 | D:9      | a glowing orange brain changed into a swamp dragon
  6787 | D:9      | Noticed a cyclops
  6787 | D:9      | a swamp dragon changed into a cyclops
  6793 | D:9      | a cyclops changed into a merfolk
  6907 | D:9      | Found a staircase to the Orcish Mines.
  6910 | D:9      | XOM: scenery: create altars
  7055 | D:9      | Found Tylomeosk's Distillery.
  7071 | D:9      | XOM: cloud trail
  7333 | D:9      | Bought a potion of haste for 150 gold pieces
  7333 | D:9      | Bought a potion of might for 60 gold pieces
  7415 | D:10     | Entered Level 10 of the Dungeon
  7482 | D:10     | Identified the +1 shortbow "Fobbiqas" {venom, rPois} (Xom
                  | gifted it to you on level 10 of the Dungeon)
  7482 | D:10     | XOM: god gift: +1 shortbow "Fobbiqas" {venom, rPois}
  7486 | D:10     | Noticed Maggie
  7492 | D:10     | XOM: summons 10 friendly demons
  7496 | D:10     | Killed Maggie
  7497 | D:10     | Reached XP level 11. HP: 131/135 MP: 10/10
  7550 | D:10     | Identified the ring "Aroat" {Drain rN+++ EV+4 Str-3 Int+4}
                  | (Xom gifted it to you on level 10 of the Dungeon)
  7550 | D:10     | XOM: god gift: ring "Aroat" {Drain rN+++ EV+4 Str-3 Int+4}
  7684 | D:10     | XOM: god gift: plate armour {god gift}
  7716 | D:10     | Noticed Snorg
  7737 | D:10     | Killed Snorg
  7919 | D:10     | XOM: give mutations
  7919 | D:10     | Lost mutation: You are very robust. (+20% HP) [Xom's
                  | mischief]
  7919 | D:10     | Gained mutation: You are weak. (Str -2) [Xom's mischief]
  7929 | D:10     | Reached skill level 5 in Maces & Flails
  8074 | D:10     | Found a snail-covered altar of Cheibriados.
  8255 | D:10     | XOM: give mutations
  8255 | D:10     | Gained mutation: You are very weak. (Str -4) [Xom's
                  | mischief]
  8255 | D:10     | Lost mutation: You are very weak. (Str -4) [Xom's mischief]
  8255 | D:10     | Lost mutation: Your spells are a little harder to cast, but
                  | a little more powerful. [Xom's mischief]
  8286 | D:11     | XOM: silly message
  8353 | D:11     | Noticed a deep elf pyromancer
  8365 | D:11     | Killed a deep elf pyromancer
  8617 | D:11     | XOM: god gift: ring of fire
  8689 | D:11     | XOM: 2-stop teleportation journey
  8855 | D:11     | XOM: noise
  9005 | D:11     | Noticed a boulder beetle
  9017 | D:11     | Killed a boulder beetle
  9295 | D:11     | Found a staircase to the Lair.
  9596 | D:12     | XOM: summons 1 hostile demon
  9601 | D:12     | Noticed Maurice
  9606 | D:12     | XOM: swap monsters
  9679 | D:12     | Killed Maurice
  9746 | D:12     | XOM: silly message
  9784 | D:12     | XOM: cast spell 'Cause Fear'
  9874 | D:12     | Found a hazy altar of Hepliaklqana.
  9879 | D:12     | XOM: divination: detect creatures
  9909 | D:12     | Noticed a cyan ugly thing
  9913 | D:12     | XOM: summons 11 friendly demons
  9919 | D:12     | Killed a cyan ugly thing
  9920 | D:12     | Reached XP level 12. HP: 111/135 MP: 11/11
 10027 | D:12     | Noticed a two-headed ogre
 10042 | D:12     | XOM: scenery: 3 doors open
 10057 | D:12     | XOM: 1-stop teleportation journey
 10142 | D:12     | XOM: cloud trail
 10262 | D:12     | XOM: confuse monster(s)
 10269 | D:12     | Killed a two-headed ogre
 10381 | D:12     | XOM: fog
 10473 | D:12     | XOM: enchant monster (good)
 10597 | Lair:1   | Entered Level 1 of the Lair of Beasts
 10649 | Lair:1   | Found a white marble altar of Elyvilon.
 10731 | Lair:1   | XOM: summons friendly ufetubus
 10736 | Lair:1   | XOM: divination: magic mapping
 10738 | Lair:1   | XOM: enchant monster (good)
 10812 | Lair:1   | Found a runed translucent gate.
 10812 | Lair:1   | Found a runed translucent gate.
 10812 | Lair:1   | Found a runed translucent gate.
 10813 | Lair:1   | Noticed a great orb of eyes
 10813 | Lair:1   | Noticed Barbarella's ghost (journeyman MiBe)
 10984 | Lair:1   | XOM: god gift: scroll of vulnerability
 10995 | Lair:1   | XOM: divination: magic mapping
 11009 | Lair:1   | XOM: potion effect (curing)
 11014 | Lair:1   | XOM: enchant monster (bad)
 11232 | Lair:1   | Got Sif Muna's Incunabulum of Ghastly Moulding
 11398 | Lair:1   | Found a viscous altar of Jiyva.
 11424 | Lair:1   | XOM: summons 7 friendly demons
 11438 | Lair:1   | XOM: cast spell 'Summon Ice Beast'
 11441 | Lair:1   | Killed a great orb of eyes
 11447 | Lair:1   | Killed Barbarella's ghost
 11454 | Lair:1   | XOM: give mutations
 11454 | Lair:1   | Lost mutation: You are weak. (Str -2) [Xom's mischief]
 11454 | Lair:1   | Gained mutation: You are weak. (Str -2) [Xom's mischief]
 11454 | Lair:1   | Gained mutation: You are clumsy. (Dex -2) [Xom's mischief]
 11454 | Lair:1   | Gained mutation: You sometimes lose the ability to read
                  | scrolls when taking damage. [Xom's mischief]
 11530 | Lair:1   | Acquired 461 gold pieces
 11691 | Lair:2   | You fall into a shaft and drop 2 floors!
 11691 | Lair:4   | Found a staircase to the Swamp.
 11704 | Lair:4   | Reached skill level 10 in Fighting
 11734 | Lair:3   | XOM: noise
 11739 | Lair:3   | XOM: polymorph wyvern -> scorpion
 11740 | Lair:3   | Noticed a six-headed hydra
 11751 | Lair:3   | Killed a seven-headed hydra
 11817 | Lair:3   | Reached XP level 13. HP: 143/146 MP: 12/12
 11864 | Lair:3   | Found a blossoming altar of Fedhas.
 12071 | Lair:3   | Found a transporter.
 12077 | Lair:3   | Found a transporter.
 12174 | Lair:3   | XOM: 8-stop teleportation journey
 12321 | Lair:3   | Reached skill level 10 in Maces & Flails
 12520 | Lair:4   | XOM: polymorph yak -> harpy
 12529 | Lair:4   | Reached skill level 1 in Shields
 12572 | Lair:4   | XOM: give mutations
 12572 | Lair:4   | Gained mutation: Your flesh is cold resistant. (rC+) [Xom's
                  | grace]
 12572 | Lair:4   | Gained mutation: You are strong-willed. (Will+) [Xom's
                  | grace]
 13424 | Lair:5   | XOM: 2-stop teleportation journey
 13593 | Lair:5   | XOM: potion effect (invisibility)
 13665 | Lair:5   | XOM: cast spell 'Olgreb's Toxic Radiance'
 14032 | Lair:6   | Entered Level 6 of the Lair of Beasts
 14033 | Lair:6   | XOM is BORED!
 14033 | Lair:6   | XOM: noise
 14240 | Lair:6   | Noticed a dire elephant
 14246 | Lair:6   | XOM: confusion
 14248 | Lair:6   | XOM: enchant monster (bad)
 14252 | Lair:6   | Noticed an emperor scorpion
 14252 | Lair:6   | a dire elephant changed into an emperor scorpion
 14252 | Lair:6   | XOM: polymorph dire elephant -> emperor scorpion
 14252 | Lair:6   | HP: 4/144 [emperor scorpion (7)]
 14258 | Lair:6   | HP: 1/144 [cane toad (18)]
 14258 | Lair:6   | Slain by a water moccasin

Illustrated notes

Levels and vault maps discovered:
D:1:      minmay_arrival_cross, layout_basic, basic_ecumenical_altar,
          hangedman_feature_mirror
D:2:      layout_basic, basic_altar
D:3:      layout_loops_ring, hangedman_glass_teeth, grunt_decor_mini_mirrors,
          grunt_decor_fettered
D:4:      layout_loops_cross, gup_sewer_entry_spiral
D:5:      layout_gridville, minmay_temple_entry_overgrown, uniq_sigmund,
          uniq_edmund, uniq_pikel
D:6:      layout_basic, kennysheep_dice
D:7:      layout_cave_pools, gammafunk_temple_overflow_claw, uniq_menkaure
D:8:      layout_basic
D:9:      layout_roguey [special_room_bee],
          kennysheep_orc_monster_closet_entryway, serial_shops,
          nicolae_inconvenience_store
D:10:     layout_irregular_city, cheibrodos_worm_habitat, serial_column_ruins,
          column_ruins_hut_ruined, column_ruins_circle_medium,
          column_ruins_grid_1, column_ruins_open_tiny, column_ruins_open_tiny,
          column_ruins_open_small, column_ruins_columns_corner,
          dreamdust_deal_with_the_devil, hex_tiny, uniq_maggie, uniq_snorg
D:11:     layout_stronghold, lair_entry_dummy, serial_rivers,
          chequers_serial_rivers_small_b, chequers_serial_rivers_micro_d,
          chequers_serial_rivers_micro_c, chequers_serial_rivers_large_a
D:12:     cheibrodos_barr_body, layout_cave_pools,
          worldfamousw_hep_ancestral_shrine, uniq_maurice
Lair:1:   layout_small_grid, basic_altar, gammafunk_ghost_ooze
Lair:2:   layout_chaotic_city, nicolae_spider_entry_non_spiders,
          beast_lair_carwin_2, lemuel_fruit_fields
Lair:3:   gammafunk_boulding_lane, layout_long_grid, hangedman_tree_tricks,
          grunt_forest_stairs_basic, small_statue_intersection,
          patterned_corridor
Lair:4:   layout_cave_pods, swamp_mist_pool, lemuel_fruit_tree
Lair:5:   layout_gridlike, serial_bayou_shore_b
Lair:6:   due_jungle_book, layout_gridlike, slime_altar_1,
          nicolae_lair_lakeside_cave, serial_bayou_shore_b, lemuel_fruit_fields,
          serial_bayou_shore_b

Skill      XL: |  1  2  3  4  5  6  7  8  9 10 11 12 13 |
---------------+----------------------------------------+-----
Armour         | 1 2 3 4 5 6 8 |  8.7
Fighting       | 3 4 5 6 7 8 9 10 | 10.6
Unarmed Combat | 4 5 6 7 8 9 |  9.4
Dodging        | 3 4 5 6 7 8 9 |  9.2
Maces & Flails | 4 7 9 10 | 10.9
Shields        | 3 |  3.8
Stealth        | |  1.0

Action                   |  1- 3 |  4- 6 |  7- 9 | 10-12 | 13-15 || total
-------------------------+-------+-------+-------+-------+-------++-------
Melee: Unarmed           |    74 |   118 |   214 |   507 |       ||   913
       Punch             |       |     6 |    13 |    44 |       ||    63
       Kick              |       |       |     2 |   185 |    46 ||   233
       Giant spiked club |       |       |       |    10 |   133 ||   143
Evoke: Wand              |       |       |       |     1 |       ||     1
  Use: Scroll            |       |       |    12 |    19 |       ||    31
       Potion            |       |       |       |     8 |     7 ||    15
 Stab: Sleeping          |     4 |     5 |     2 |     5 |     4 ||    20
       Petrified         |       |     2 |       |       |       ||     2
       Invisible         |       |       |       |     9 |     1 ||    10
       Confused          |       |       |       |     4 |       ||     4
       Paralysed         |       |       |       |     1 |       ||     1
       Distracted        |       |       |       |     4 |     2 ||     6
Armor: Robe              |    26 |    47 |   126 |    71 |       ||   270
       Troll leather arm |       |       |       |   246 |    74 ||   320
       Skin              |       |       |       |     1 |       ||     1
Dodge: Dodged            |    27 |    64 |   154 |   373 |    98 ||   716
Block: Other             |       |       |       |    94 |    27 ||   121
